[Event "Czech-ch U18-20 Open 2022"]
[Site "Spindleruv Mlyn"]
[Date "2022.03.13"]
[Round "1.1"]
[White "Ocelak, Jakub"]
[Black "Mica, Marek"]
[Result "0-1"]
[ECO "A17"]
[WhiteElo "2053"]
[BlackElo "2272"]
[Annotator "ChessBase"]
[PlyCount "44"]
[EventDate "2022.03.10"]
[EventType "tourn"]
[EventCountry "CZE"]
[SourceTitle "playchess.com"]
[Source "ChessBase"]
[SourceQuality "1"]
[TimeControl "40/5400+30:1800+30"]

1. c4 Nf6 2. Nc3 e6 3. Nf3 d5 4. e3 c5 5. cxd5 Nxd5 6. Qc2 Be7 7. b3 Bf6 8. Bb2 O-O 9. h4 b6 10. Ng5 g6 11. a3 h6 12. Nf3 Bb7 13. O-O-O Nd7 14. Rh3 Bg7 15. g4 Qe7 16. Be2 Nxc3 17. Bxc3 e5 18. h5 g5 19. Qf5 e4 20. Bc4 Kh8 21. Nxg5 hxg5 22. Qg6 Ne5 0-1

[Event "Czech-ch U18-20 Open 2022"]
[Site "Spindleruv Mlyn"]
[Date "2022.03.13"]
[Round "1.5"]
[White "Gloser, David"]
[Black "Stalmach, Richard"]
[Result "0-1"]
[ECO "B89"]
[WhiteElo "2238"]
[BlackElo "2302"]
[Annotator "ChessBase"]
[PlyCount "84"]
[EventDate "2022.03.10"]
[EventType "tourn"]
[EventCountry "CZE"]
[SourceTitle "playchess.com"]
[Source "ChessBase"]
[SourceQuality "1"]
[TimeControl "40/5400+30:1800+30"]

1. e4 c5 2. Nf3 d6 3. d4 cxd4 4. Nxd4 Nf6 5. Nc3 Nc6 6. Bc4 e6 7. Be3 Be7 8. Qe2 a6 9. O-O-O O-O 10. Rhg1 Qc7 11. g4 b5 12. Bb3 b4 13. Nd5 Nxd5 14. Nxc6 Nxe3 15. Nxe7+ Qxe7 16. Qxe3 a5 17. Ba4 Bb7 18. Rd2 Rfc8 19. Rgd1 Bc6 20. Bxc6 Rxc6 21. Rd4 Rac8 22. R1d2 e5 23. Rd5 a4 24. Kb1 a3 25. Qd3 h5 26. gxh5 Qh4 27. Rxd6 Rxd6 28. Qxd6 Qxe4 29. Qd7 Rc4 30. Qd8+ Kh7 31. Qd3 Kh6 32. c3 Qe1+ 33. Kc2 axb2 34. Rd1 Qxc3+ 35. Qxc3 bxc3 36. Rg1 e4 37. Kb3 Rc5 38. Kc2 f5 39. a4 f4 40. Re1 Rc4 41. Kb3 Rxa4 42. Rb1 Ra1 0-1

[Event "Czech-ch U18-20 Open 2022"]
[Site "Spindleruv Mlyn"]
[Date "2022.03.13"]
[Round "2.1"]
[White "Mica, Marek"]
[Black "Lajbl, Jan"]
[Result "1/2-1/2"]
[ECO "A90"]
[WhiteElo "2272"]
[BlackElo "2218"]
[Annotator "ChessBase"]
[PlyCount "109"]
[EventDate "2022.03.10"]
[EventType "tourn"]
[EventCountry "CZE"]
[SourceTitle "playchess.com"]
[Source "ChessBase"]
[SourceQuality "1"]
[TimeControl "40/5400+30:1800+30"]

1. c4 e6 2. Nf3 d5 3. d4 c6 4. b3 Bd6 5. g3 f5 6. Bg2 Nf6 7. O-O Qe7 8. a4 a5 9. Ba3 O-O 10. Bxd6 Qxd6 11. Na3 Na6 12. Nc2 Ne4 13. Ne5 Nb4 14. f3 Nxc2 15. Qxc2 dxc4 16. Rfd1 cxb3 17. Qxb3 Nf6 18. f4 Nd5 19. Rab1 Rb8 20. Rdc1 Bd7 21. Bxd5 cxd5 22. e3 b6 23. Nxd7 Qxd7 24. Qb5 Qxb5 25. Rxb5 Kf7 26. Rc7+ Kf6 27. Kf2 Rfc8 28. Rxb6 Rxb6 29. Rxc8 Rb2+ 30. Kf3 Ra2 31. h3 h5 32. g4 hxg4+ 33. hxg4 fxg4+ 34. Kxg4 Rxa4 35. Rf8+ Kg6 36. f5+ exf5+ 37. Rxf5 Ra3 38. Re5 Rb3 39. Kf4 Rb5 40. Re6+ Kf7 41. Ra6 Ke7 42. Ke5 Rb3 43. Ra7+ Ke8 44. Kxd5 Rxe3 45. Rxg7 Re7 46. Rg8+ Kd7 47. Ra8 Rf7 48. Kc5 Rf5+ 49. d5 Rf6 50. Rxa5 Rg6 51. Ra7+ Kd8 52. Rh7 Rf6 53. d6 Rf1 54. Kc6 Rc1+ 55. Kd5 1/2-1/2

[Event "Czech-ch U18-20 Open 2022"]
[Site "Spindleruv Mlyn"]
[Date "2022.03.13"]
[Round "2.3"]
[White "Kusa, Jakub"]
[Black "Gloser, David"]
[Result "1/2-1/2"]
[ECO "B51"]
[WhiteElo "2298"]
[BlackElo "2238"]
[Annotator "ChessBase"]
[PlyCount "119"]
[EventDate "2022.03.10"]
[EventType "tourn"]
[EventCountry "CZE"]
[SourceTitle "playchess.com"]
[Source "ChessBase"]
[SourceQuality "1"]
[TimeControl "40/5400+30:1800+30"]

1. e4 c5 2. Nf3 d6 3. Bb5+ Nd7 4. a4 Ngf6 5. Nc3 g6 6. a5 Bg7 7. a6 O-O 8. O-O Ne8 9. d4 bxa6 10. Bxa6 Bxa6 11. Rxa6 Nc7 12. Ra2 Qb8 13. Be3 Nb5 14. Nxb5 Qxb5 15. Qd2 Qb7 16. dxc5 Nxc5 17. Bxc5 dxc5 18. e5 Rfd8 19. Qe3 Qb6 20. Rfa1 Rab8 21. h3 Rd5 22. b3 c4 23. Qxb6 axb6 24. Ra8 Rxa8 25. Rxa8+ Bf8 26. bxc4 Rc5 27. Ra4 e6 28. Kf1 Kg7 29. c3 g5 30. Ke2 h5 31. g4 hxg4 32. hxg4 Kg6 33. Kd3 Rc8 34. Ra6 Bc5 35. Nd4 Rh8 36. f3 Rh1 37. Ra2 Rf1 38. Ke2 Rh1 39. Rd2 Rc1 40. Nb5 Kg7 41. Rd3 Kg6 42. Nd6 Rc2+ 43. Kd1 Ra2 44. Ne4 Ra4 45. Rd8 Rxc4 46. Rg8+ Kh6 47. Rxg5 Be3 48. Rh5+ Kg7 49. Ke2 Bf4 50. Kd3 Ra4 51. Nd6 Ra1 52. Ke4 Bg3 53. f4 Rf1 54. Ne8+ Kg6 55. Rh8 Bxf4 56. Rg8+ Kh6 57. Nf6 Bg5 58. Rh8+ Kg7 59. Rg8+ Kh6 60. Rh8+ 1/2-1/2

[Event "Czech-ch U18-20 Open 2022"]
[Site "Spindleruv Mlyn"]
[Date "2022.03.13"]
[Round "3.3"]
[White "Svanda, Ondrej"]
[Black "Frank, Adam"]
[Result "1-0"]
[ECO "E62"]
[WhiteElo "2303"]
[BlackElo "2270"]
[Annotator "ChessBase"]
[PlyCount "113"]
[EventDate "2022.03.10"]
[EventType "tourn"]
[EventCountry "CZE"]
[SourceTitle "playchess.com"]
[Source "ChessBase"]
[SourceQuality "1"]
[TimeControl "40/5400+30:1800+30"]

1. d4 Nf6 2. c4 g6 3. g3 Bg7 4. Bg2 O-O 5. Nf3 d6 6. Nc3 Nc6 7. O-O Bf5 8. b3 e5 9. Bb2 Re8 10. d5 Ne7 11. Ne1 e4 12. f3 exf3 13. exf3 c6 14. dxc6 Nxc6 15. Qd2 Qa5 16. Rd1 Rad8 17. Na4 Qa6 18. Rf2 d5 19. c5 b5 20. cxb6 d4 21. g4 Be6 22. Rc1 Ne5 23. bxa7 Qxa7 24. h3 Bxg4 25. hxg4 Nexg4 26. fxg4 Nxg4 27. Nd3 Bh6 28. Rf4 Qe7 29. Re1 Bxf4 30. Qxf4 Qxe1+ 31. Nxe1 Rxe1+ 32. Bf1 Ne3 33. Qc7 Rxf1+ 34. Kh2 Re8 35. Qd7 Rf8 36. Qxd4 Rf2+ 37. Kg3 Nf5+ 38. Kxf2 Nxd4 39. Bxd4 Rd8 40. Be3 f5 41. Nb6 Kf7 42. a4 Rd3 43. b4 f4 44. Bc5 g5 45. a5 g4 46. Nc4 g3+ 47. Kg2 Rc3 48. a6 Rc2+ 49. Kf3 Rc3+ 50. Kg4 g2 51. a7 Re3 52. Ne5+ Kf6 53. Nf3 Ra3 54. b5 Ra4 55. b6 h5+ 56. Kh3 Kf5 57. b7 1-0

[Event "Czech-ch U18-20 Open 2022"]
[Site "Spindleruv Mlyn"]
[Date "2022.03.13"]
[Round "3.4"]
[White "Gloser, David"]
[Black "Hlavina, Matous"]
[Result "1/2-1/2"]
[ECO "C02"]
[WhiteElo "2238"]
[BlackElo "2112"]
[Annotator "ChessBase"]
[PlyCount "64"]
[EventDate "2022.03.10"]
[EventType "tourn"]
[EventCountry "CZE"]
[SourceTitle "playchess.com"]
[Source "ChessBase"]
[SourceQuality "1"]
[TimeControl "40/5400+30:1800+30"]

1. e4 e6 2. d4 d5 3. e5 c5 4. c3 Nc6 5. Nf3 Qb6 6. Bd3 cxd4 7. O-O Bd7 8. Re1 a6 9. Nbd2 Nge7 10. h4 h6 11. h5 O-O-O 12. Nb3 Kb8 13. a4 a5 14. Rb1 g5 15. Nfxd4 Nxd4 16. Nxd4 Nc6 17. Nxc6+ Bxc6 18. b4 d4 19. b5 Be8 20. c4 Qc7 21. f4 gxf4 22. Qf3 Rg8 23. Bxf4 b6 24. Bh2 Be7 25. Rb2 Bg5 26. Bf4 f5 27. Bh2 Qb7 28. Qh3 Qf7 29. Be2 Be3+ 30. Kh1 Bd7 31. Qf3 Qg7 32. Bd3 Bc8 1/2-1/2

[Event "Czech-ch U18-20 Open 2022"]
[Site "Spindleruv Mlyn"]
[Date "2022.03.13"]
[Round "3.6"]
[White "Lajbl, Jan"]
[Black "Stalmach, Richard"]
[Result "1-0"]
[ECO "B91"]
[WhiteElo "2218"]
[BlackElo "2302"]
[Annotator "ChessBase"]
[PlyCount "69"]
[EventDate "2022.03.10"]
[EventType "tourn"]
[EventCountry "CZE"]
[SourceTitle "playchess.com"]
[Source "ChessBase"]
[SourceQuality "1"]
[TimeControl "40/5400+30:1800+30"]

1. e4 c5 2. Nf3 d6 3. d4 cxd4 4. Nxd4 Nf6 5. Nc3 a6 6. g3 e5 7. Nde2 Be7 8. Bg2 b5 9. a3 Nbd7 10. h3 Bb7 11. g4 Nb6 12. Ng3 g6 13. Bh6 Nfd7 14. O-O Rc8 15. f4 exf4 16. Bxf4 Ne5 17. Nd5 O-O 18. Nxe7+ Qxe7 19. Qd4 Na4 20. Rf2 Rc4 21. Qe3 Nxb2 22. Bh6 Rfc8 23. Bg5 Qe8 24. Qf4 Na4 25. Rd1 d5 26. Bf6 Nd7 27. Nf5 Nxf6 28. Nh6+ Kf8 29. Qxf6 Nc3 30. Rdf1 Nxe4 31. Qxf7+ Qxf7 32. Rxf7+ Ke8 33. Rxb7 Rxc2 34. Rff7 Ng5 35. Rg7 1-0

[Event "Czech-ch U18-20 Open 2022"]
[Site "Spindleruv Mlyn"]
[Date "2022.03.13"]
[Round "4.1"]
[White "Mica, Marek"]
[Black "Stalmach, Richard"]
[Result "1/2-1/2"]
[ECO "E63"]
[WhiteElo "2272"]
[BlackElo "2302"]
[Annotator "ChessBase"]
[PlyCount "132"]
[EventDate "2022.03.10"]
[EventType "tourn"]
[EventCountry "CZE"]
[SourceTitle "playchess.com"]
[Source "ChessBase"]
[SourceQuality "1"]
[TimeControl "40/5400+30:1800+30"]

1. d4 Nf6 2. c4 g6 3. Nf3 Bg7 4. g3 O-O 5. Bg2 d6 6. O-O Nc6 7. Nc3 a6 8. b3 Rb8 9. Nd5 b5 10. Nxf6+ Bxf6 11. Bh6 Re8 12. Rc1 e5 13. dxe5 Nxe5 14. Nxe5 Bxe5 15. Qd2 Be6 16. cxb5 axb5 17. Bf4 Bf6 18. Bc6 Bd7 19. Qd3 Rb6 20. Bxd7 Qxd7 21. Rc2 Qe7 22. Rd1 b4 23. h4 h5 24. Qc4 Rc8 25. Rd5 Qe6 26. Kg2 Ra8 27. e4 Bc3 28. Bd2 c6 29. Rd3 Qxc4 30. bxc4 Be5 31. f4 Bg7 32. Rxd6 Rba6 33. Bxb4 Bf8 34. c5 Rxa2 35. Rxa2 Rxa2+ 36. Kf3 Rb2 37. Rd4 Rb3+ 38. Kg2 Rb2+ 39. Kh3 Rc2 40. Rd8 Rc4 41. Ba5 Rxe4 42. Bc7 Kg7 43. Be5+ f6 44. Rd7+ Kg8 45. Bxf6 Re2 46. Rc7 Re6 47. Bd4 Be7 48. Kg2 Kf8 49. Kf3 Ke8 50. Ra7 Re1 51. Bf2 Rf1 52. Ra8+ Kf7 53. Kg2 Rc1 54. Ra7 Kf8 55. Rc7 Bxc5 56. Rxc6 Be3 57. Rxc1 Bxc1 58. Kf3 Kf7 59. Ke4 Ke6 60. Bb6 Ba3 61. Bc7 Bb4 62. Bb8 Be1 63. Ke3 Bxg3 64. f5+ Kxf5 65. Bxg3 g5 66. hxg5 Kxg5 1/2-1/2

[Event "Czech-ch U18-20 Open 2022"]
[Site "Spindleruv Mlyn"]
[Date "2022.03.13"]
[Round "4.2"]
[White "Kusa, Jakub"]
[Black "Lajbl, Jan"]
[Result "1-0"]
[ECO "D30"]
[WhiteElo "2298"]
[BlackElo "2218"]
[Annotator "ChessBase"]
[PlyCount "129"]
[EventDate "2022.03.10"]
[EventType "tourn"]
[EventCountry "CZE"]
[SourceTitle "playchess.com"]
[Source "ChessBase"]
[SourceQuality "1"]
[TimeControl "40/5400+30:1800+30"]

1. d4 d5 2. c4 e6 3. Nf3 a6 4. g3 dxc4 5. Bg2 c5 6. O-O cxd4 7. Qxd4 Qxd4 8. Nxd4 e5 9. Nc2 Nc6 10. Nd2 Be6 11. Ne3 c3 12. bxc3 O-O-O 13. Ndc4 f6 14. Rb1 Bc5 15. Nb6+ Bxb6 16. Rxb6 Kc7 17. Rb2 Nge7 18. Bd2 Nd5 19. c4 Nxe3 20. Bxe3 Rb8 21. Bd5 Rhe8 22. Rfb1 f5 23. Ba7 Nxa7 24. Rxb7+ Rxb7 25. Rxb7+ Kd6 26. Bxe6 Rxe6 27. Rxa7 Re7 28. Rxa6+ Kc5 29. Ra4 f4 30. Kg2 fxg3 31. hxg3 e4 32. g4 Rd7 33. Kg3 Rf7 34. e3 Rf3+ 35. Kg2 Rf7 36. Ra8 Kxc4 37. Rd8 Re7 38. Rd4+ Kc5 39. a4 g6 40. a5 Kb5 41. Rd5+ Kc6 42. Rd2 Ra7 43. Ra2 Ra6 44. g5 Kb7 45. Kg3 Re6 46. Rb2+ Ka7 47. Kf4 Re7 48. Rb6 Rf7+ 49. Rf6 Re7 50. a6 Ka8 51. f3 exf3 52. Kxf3 Re5 53. Kf4 Ra5 54. e4 Ka7 55. Rf7+ Kxa6 56. Rxh7 Kb5 57. Rf7 Kc4 58. Rf6 Ra1 59. Rxg6 Kd4 60. Rd6+ Kc5 61. Rd2 Rf1+ 62. Ke5 Rg1 63. Rc2+ Kb6 64. Kf6 Rg2 65. Rxg2 1-0

[Event "Czech-ch U18-20 Open 2022"]
[Site "Spindleruv Mlyn"]
[Date "2022.03.13"]
[Round "4.4"]
[White "Frank, Adam"]
[Black "Gloser, David"]
[Result "1-0"]
[ECO "B70"]
[WhiteElo "2270"]
[BlackElo "2238"]
[Annotator "ChessBase"]
[PlyCount "87"]
[EventDate "2022.03.10"]
[EventType "tourn"]
[EventCountry "CZE"]
[SourceTitle "playchess.com"]
[Source "ChessBase"]
[SourceQuality "1"]
[TimeControl "40/5400+30:1800+30"]

1. e4 c5 2. Nf3 d6 3. d4 cxd4 4. Nxd4 Nf6 5. Nc3 g6 6. Be2 Bg7 7. O-O O-O 8. Re1 Nc6 9. Nb3 a6 10. Bf1 b5 11. Bg5 Re8 12. a4 b4 13. Nd5 Nxd5 14. exd5 Ne5 15. Qd2 Rb8 16. Re4 Qc7 17. Rxb4 Rxb4 18. Qxb4 Qxc2 19. Nd4 Qc5 20. Qxc5 dxc5 21. Nb3 Nd7 22. Re1 Kf8 23. Re2 Be5 24. Nxc5 Nxc5 25. Rxe5 f6 26. Bh6+ Kf7 27. Re1 g5 28. b4 Nxa4 29. Bd3 Nb6 30. f4 Nxd5 31. fxg5 f5 32. Re5 Nxb4 33. Be2 Kg6 34. h4 e6 35. h5+ Kf7 36. Bc4 Nd5 37. Bxd5 Rd8 38. Bf3 Bd7 39. Rc5 Be8 40. Rc7+ Rd7 41. Rc8 Re7 42. g6+ hxg6 43. Bg5 Bd7 44. Rc7 1-0

[Event "Czech-ch U18-20 Open 2022"]
[Site "Spindleruv Mlyn"]
[Date "2022.03.14"]
[Round "5.1"]
[White "Vojta, Jakub"]
[Black "Mica, Marek"]
[Result "0-1"]
[ECO "D11"]
[WhiteElo "2406"]
[BlackElo "2272"]
[Annotator "ChessBase"]
[PlyCount "94"]
[EventDate "2022.03.10"]
[EventType "tourn"]
[EventCountry "CZE"]
[SourceTitle "playchess.com"]
[Source "ChessBase"]
[SourceQuality "1"]
[TimeControl "40/5400+30:1800+30"]

1. Nf3 d5 2. g3 c6 3. Bg2 Bg4 4. c4 e6 5. O-O Nf6 6. d3 Nbd7 7. b3 Bd6 8. Bb2 O-O 9. d4 Bf5 10. Nbd2 h6 11. a3 b5 12. Ne5 bxc4 13. Nxd7 Qxd7 14. bxc4 Rab8 15. Bc3 Rfd8 16. Qa4 Bc7 17. Rac1 Bb6 18. Nf3 c5 19. Qxd7 Rxd7 20. Ne5 Rc7 21. cxd5 exd5 22. dxc5 Rxc5 23. Bb4 Rxc1 24. Rxc1 Re8 25. Bd6 Ng4 26. Nxg4 Bxg4 27. Bc5 Rc8 28. Be3 Bxe3 29. Rxc8+ Bxc8 30. fxe3 Bb7 31. Kf2 Kf8 32. Ke1 Ke7 33. Kd2 Kd6 34. Bf3 Ke5 35. Kc3 a5 36. Kd3 Bc8 37. Kc3 Bd7 38. Kd3 g5 39. Kc3 g4 40. Bg2 Bf5 41. Kb3 Be4 42. Bf1 Bh1 43. Ka4 Ke4 44. Kxa5 Kxe3 45. Kb5 Kf2 46. Kc5 Kxf1 47. Kd4 Kxe2 0-1

[Event "Czech-ch U18-20 Open 2022"]
[Site "Spindleruv Mlyn"]
[Date "2022.03.14"]
[Round "5.2"]
[White "Svanda, Ondrej"]
[Black "Mladek, Richard"]
[Result "1/2-1/2"]
[ECO "E05"]
[WhiteElo "2303"]
[BlackElo "2374"]
[Annotator "ChessBase"]
[PlyCount "61"]
[EventDate "2022.03.10"]
[EventType "tourn"]
[EventCountry "CZE"]
[SourceTitle "playchess.com"]
[Source "ChessBase"]
[SourceQuality "1"]
[TimeControl "40/5400+30:1800+30"]

1. Nf3 d5 2. g3 Nf6 3. Bg2 e6 4. c4 Be7 5. O-O O-O 6. d4 dxc4 7. Qc2 a6 8. a4 Bd7 9. Qxc4 Bc6 10. Bg5 Nbd7 11. Nc3 h6 12. Bxf6 Nxf6 13. Rfd1 a5 14. Qd3 Bxf3 15. Bxf3 c6 16. e3 Qb6 17. Qc2 Rfd8 18. Rac1 g6 19. Kg2 Kg7 20. h4 h5 21. Ne4 Nxe4 22. Bxe4 Rd7 23. Rd3 Rad8 24. Rcd1 Qb4 25. Bf3 Qb6 26. Rb3 Qc7 27. Rbd3 Qb6 28. Rb3 Qc7 29. Rbd3 Qb6 30. Rb3 Qc7 31. Rbd3 1/2-1/2

[Event "Czech-ch U18-20 Open 2022"]
[Site "Spindleruv Mlyn"]
[Date "2022.03.14"]
[Round "5.3"]
[White "Gloser, David"]
[Black "Ocelak, Jakub"]
[Result "1/2-1/2"]
[ECO "C50"]
[WhiteElo "2238"]
[BlackElo "2053"]
[Annotator "ChessBase"]
[PlyCount "63"]
[EventDate "2022.03.10"]
[EventType "tourn"]
[EventCountry "CZE"]
[SourceTitle "playchess.com"]
[Source "ChessBase"]
[SourceQuality "1"]
[TimeControl "40/5400+30:1800+30"]

1. e4 e5 2. Nf3 Nc6 3. Bc4 Bc5 4. d3 Nf6 5. O-O O-O 6. Bg5 h6 7. Bh4 Be7 8. Nbd2 d6 9. c3 Kh8 10. b4 Nh7 11. Bxe7 Nxe7 12. d4 Ng6 13. Re1 Qf6 14. h3 Nf4 15. Bf1 Ng5 16. Nxg5 Qxg5 17. Kh2 Qf6 18. Qf3 Qg5 19. Re3 Be6 20. g3 Ng6 21. Qe2 Qf6 22. Nf3 c6 23. Bg2 Rfd8 24. a4 Qe7 25. Qb2 Qc7 26. Rc1 a5 27. Rb1 axb4 28. Qxb4 Ra7 29. Rd3 Rda8 30. dxe5 dxe5 31. a5 Rxa5 32. Qxb7 1/2-1/2

[Event "Czech-ch U18-20 Open 2022"]
[Site "Spindleruv Mlyn"]
[Date "2022.03.14"]
[Round "5.5"]
[White "Lajbl, Jan"]
[Black "Hlavina, Matous"]
[Result "1/2-1/2"]
[ECO "C07"]
[WhiteElo "2218"]
[BlackElo "2112"]
[Annotator "ChessBase"]
[PlyCount "125"]
[EventDate "2022.03.10"]
[EventType "tourn"]
[EventCountry "CZE"]
[SourceTitle "playchess.com"]
[Source "ChessBase"]
[SourceQuality "1"]
[TimeControl "40/5400+30:1800+30"]

1. e4 e6 2. d4 d5 3. Nd2 c5 4. Ngf3 cxd4 5. Nxd4 Nc6 6. Bb5 Bd7 7. Nxc6 bxc6 8. Bd3 Bd6 9. Qe2 Qc7 10. Nf3 dxe4 11. Bxe4 Nf6 12. Bd3 Nd5 13. O-O Rb8 14. c4 Nf4 15. Qc2 c5 16. Rd1 Bc6 17. Be4 Ng6 18. b3 Ne5 19. Bxc6+ Qxc6 20. Ng5 Ng4 21. h3 Bh2+ 22. Kh1 Be5 23. Bb2 Bxb2 24. Qxb2 Nf6 25. Qe5 O-O 26. Rd6 Qb7 27. Re1 Rbc8 28. Rd3 Qc7 29. Qe3 Rfd8 30. Red1 h6 31. Nf3 Rxd3 32. Qxd3 Qf4 33. Kg1 Kf8 34. g3 Qc7 35. Qe3 Nd7 36. Qe4 Nf6 37. Qe3 Nd7 38. Kg2 Qc6 39. Kh2 Qc7 40. Qc3 Nf6 41. Qe3 Nd7 42. Nd2 Nf6 43. Nb1 a6 44. Nc3 Qc6 45. Na4 Ke7 46. f3 Qc7 47. Kg2 Nh5 48. Qe1 Nf6 49. Rd3 Nh5 50. Rd2 Nf6 51. Re2 Kf8 52. Rd2 Ke7 53. a3 Qc6 54. Qe3 Rc7 55. Qe5 Rc8 56. Nc3 Qc7 57. Qe3 Qc6 58. Nd5+ Nxd5 59. cxd5 Qd6 60. dxe6 Qxe6 61. Qd3 Kf8 62. Re2 c4 63. Qd1 1/2-1/2

[Event "Czech-ch U18-20 Open 2022"]
[Site "Spindleruv Mlyn"]
[Date "2022.03.14"]
[Round "5.6"]
[White "Stalmach, Richard"]
[Black "Kusa, Jakub"]
[Result "0-1"]
[ECO "D36"]
[WhiteElo "2302"]
[BlackElo "2298"]
[Annotator "ChessBase"]
[PlyCount "100"]
[EventDate "2022.03.10"]
[EventType "tourn"]
[EventCountry "CZE"]
[SourceTitle "playchess.com"]
[Source "ChessBase"]
[SourceQuality "1"]
[TimeControl "40/5400+30:1800+30"]

1. d4 Nf6 2. c4 e6 3. Nc3 d5 4. cxd5 exd5 5. Bg5 Nbd7 6. e3 c6 7. Bd3 Be7 8. Nge2 O-O 9. Qc2 Re8 10. O-O h6 11. Bh4 Nh5 12. Bxe7 Qxe7 13. Rae1 Nb6 14. Nc1 Be6 15. Nb3 Nc8 16. f3 Nd6 17. e4 Nf4 18. e5 Nc4 19. Bxc4 dxc4 20. Nc5 Rad8 21. Rd1 b6 22. N5e4 Nd3 23. Ne2 Bf5 24. N4g3 Bh7 25. Qxc4 Nxb2 26. Qxc6 Nxd1 27. Rxd1 Qa3 28. f4 Rc8 29. Qd7 Qe3+ 30. Kh1 Bd3 31. Ng1 Red8 32. Qxa7 Bc2 33. Rf1 Qxd4 34. f5 Qxe5 35. Qxb6 Bd3 36. Rd1 Qc5 37. Qb2 Qc2 38. Qxc2 Bxc2 39. Rxd8+ Rxd8 40. h3 Ra8 41. Nf3 Rxa2 42. Kh2 Ba4 43. Ne5 Rc2 44. f6 g6 45. Ng4 Bc6 46. Ne3 Ra2 47. Kg1 h5 48. Ngf1 Re2 49. h4 Kf8 50. Kh2 Rf2 0-1

[Event "Czech-ch U18-20 Open 2022"]
[Site "Spindleruv Mlyn"]
[Date "2022.03.14"]
[Round "6.1"]
[White "Mica, Marek"]
[Black "Kusa, Jakub"]
[Result "1/2-1/2"]
[ECO "D36"]
[WhiteElo "2272"]
[BlackElo "2298"]
[Annotator "ChessBase"]
[PlyCount "65"]
[EventDate "2022.03.10"]
[EventType "tourn"]
[EventCountry "CZE"]
[SourceTitle "playchess.com"]
[Source "ChessBase"]
[SourceQuality "1"]
[TimeControl "40/5400+30:1800+30"]

1. d4 Nf6 2. c4 e6 3. Nc3 d5 4. cxd5 exd5 5. Bg5 Nbd7 6. e3 c6 7. Bd3 Be7 8. Nge2 O-O 9. Qc2 Re8 10. O-O h6 11. Bh4 Nh5 12. Bxe7 Qxe7 13. Rae1 Nb6 14. Nc1 Be6 15. Nb3 Rad8 16. Nc5 Nc8 17. f3 b6 18. Nxe6 Qxe6 19. b3 Qd6 20. Qf2 Re7 21. g4 Nf6 22. Ne2 c5 23. Ng3 g6 24. h4 Rde8 25. Kg2 cxd4 26. exd4 Rxe1 27. Rxe1 Rxe1 28. Qxe1 Ne7 29. Qe3 Kg7 30. g5 hxg5 31. hxg5 Ne8 32. f4 Qe6 33. Qxe6 1/2-1/2

[Event "Czech-ch U18-20 Open 2022"]
[Site "Spindleruv Mlyn"]
[Date "2022.03.14"]
[Round "6.2"]
[White "Hlavina, Matous"]
[Black "Stalmach, Richard"]
[Result "1/2-1/2"]
[ECO "A01"]
[WhiteElo "2112"]
[BlackElo "2302"]
[Annotator "ChessBase"]
[PlyCount "59"]
[EventDate "2022.03.10"]
[EventType "tourn"]
[EventCountry "CZE"]
[SourceTitle "playchess.com"]
[Source "ChessBase"]
[SourceQuality "1"]
[TimeControl "40/5400+30:1800+30"]

1. b3 e5 2. Bb2 Nc6 3. c4 g6 4. Nf3 Bg7 5. e3 d6 6. Be2 Nge7 7. d4 O-O 8. Nc3 a6 9. Qd2 Bg4 10. Nxe5 dxe5 11. Bxg4 exd4 12. exd4 Nxd4 13. O-O-O c5 14. Rhe1 Nec6 15. Nd5 b5 16. Be2 a5 17. cxb5 Qxd5 18. Bf3 Qd6 19. Bxc6 Ra7 20. Kb1 a4 21. b4 Qxh2 22. g3 Qh5 23. bxc5 Nxc6 24. Bxg7 Kxg7 25. Qc3+ Kg8 26. bxc6 Rc7 27. Rd6 Qf5+ 28. Ka1 Qxf2 29. Red1 Qe2 30. Rd8 1/2-1/2

[Event "Czech-ch U18-20 Open 2022"]
[Site "Spindleruv Mlyn"]
[Date "2022.03.14"]
[Round "6.3"]
[White "Frank, Adam"]
[Black "Lajbl, Jan"]
[Result "1-0"]
[ECO "B15"]
[WhiteElo "2270"]
[BlackElo "2218"]
[Annotator "ChessBase"]
[PlyCount "117"]
[EventDate "2022.03.10"]
[EventType "tourn"]
[EventCountry "CZE"]
[SourceTitle "playchess.com"]
[Source "ChessBase"]
[SourceQuality "1"]
[TimeControl "40/5400+30:1800+30"]

1. e4 c6 2. d4 d5 3. Nd2 dxe4 4. Nxe4 Nf6 5. Nxf6+ exf6 6. c3 Bd6 7. Bd3 O-O 8. Qc2 Re8+ 9. Ne2 h5 10. Be3 Nd7 11. O-O-O b5 12. g4 h4 13. Rhg1 Nf8 14. Be4 Qc7 15. g5 f5 16. Bxf5 Bxf5 17. Qxf5 Ng6 18. h3 Re6 19. Rg4 Rae8 20. Kb1 Qe7 21. Nc1 Re4 22. Rdg1 Qe6 23. Qxe4 Qxe4+ 24. Rxe4 Rxe4 25. Kc2 Ne7 26. Kd3 Re6 27. Rg4 Nf5 28. Ne2 Rg6 29. Bf4 Be7 30. Ng1 Re6 31. Nf3 c5 32. Nxh4 c4+ 33. Kd2 Nxh4 34. Rxh4 b4 35. d5 Ra6 36. Kc2 f6 37. d6 Bxd6 38. Bxd6 Rxd6 39. Rxc4 fxg5 40. Rxb4 Rf6 41. Rg4 Rxf2+ 42. Kb3 Rf3 43. Rxg5 Rxh3 44. a4 Rh6 45. Kc4 Rc6+ 46. Rc5 Ra6 47. a5 Kf7 48. Kb5 Re6 49. Rc7+ Re7 50. Rxe7+ Kxe7 51. Kc5 g5 52. Kd5 g4 53. Ke4 g3 54. Kf3 Kd6 55. b4 Kd5 56. Kxg3 Kc4 57. Kf3 a6 58. Ke2 Kxc3 59. b5 1-0

[Event "Czech-ch U18-20 Open 2022"]
[Site "Spindleruv Mlyn"]
[Date "2022.03.14"]
[Round "6.5"]
[White "Mladek, Richard"]
[Black "Gloser, David"]
[Result "1-0"]
[ECO "D32"]
[WhiteElo "2374"]
[BlackElo "2238"]
[Annotator "ChessBase"]
[PlyCount "43"]
[EventDate "2022.03.10"]
[EventType "tourn"]
[EventCountry "CZE"]
[SourceTitle "playchess.com"]
[Source "ChessBase"]
[SourceQuality "1"]
[TimeControl "40/5400+30:1800+30"]

1. d4 d5 2. c4 e6 3. Nf3 Nf6 4. Nc3 c5 5. cxd5 exd5 6. Bg5 Be6 7. Bxf6 Qxf6 8. e4 dxe4 9. Nxe4 Qf4 10. Bb5+ Nc6 11. Qe2 cxd4 12. O-O Be7 13. Nxd4 Bd7 14. Nxc6 Bxc6 15. Ng3 Kf8 16. Rac1 h5 17. Bxc6 bxc6 18. Rfe1 Bd6 19. Rc4 Qf6 20. Rxc6 Rd8 21. Nf5 g6 22. Rxd6 1-0

[Event "Czech-ch U18-20 Open 2022"]
[Site "Spindleruv Mlyn"]
[Date "2022.03.14"]
[Round "6.6"]
[White "Vojta, Jakub"]
[Black "Svanda, Ondrej"]
[Result "1/2-1/2"]
[ECO "B36"]
[WhiteElo "2406"]
[BlackElo "2303"]
[Annotator "ChessBase"]
[PlyCount "60"]
[EventDate "2022.03.10"]
[EventType "tourn"]
[EventCountry "CZE"]
[SourceTitle "playchess.com"]
[Source "ChessBase"]
[SourceQuality "1"]
[TimeControl "40/5400+30:1800+30"]

1. Nf3 c5 2. c4 g6 3. d4 cxd4 4. Nxd4 Nf6 5. Nc3 Nc6 6. e4 d6 7. Be2 Nxd4 8. Qxd4 Bg7 9. Be3 O-O 10. Qd2 a5 11. f3 a4 12. Rc1 Qa5 13. Nb5 Qxd2+ 14. Kxd2 Bd7 15. Nc3 Rfc8 16. Rc2 Bc6 17. Nd5 Nxd5 18. cxd5 Bd7 19. Rhc1 Kf8 20. Rxc8+ Rxc8 21. Rxc8+ Bxc8 22. Kc2 Bd7 23. Bb6 f5 24. Ba5 fxe4 25. fxe4 Be5 26. h3 Kf7 27. Bd2 Kf6 28. Be3 g5 29. Bb6 h6 30. Be3 Be8 1/2-1/2

[Event "Czech-ch U18-20 Open 2022"]
[Site "Spindleruv Mlyn"]
[Date "2022.03.17"]
[Round "9.1"]
[White "Gloser, David"]
[Black "Mica, Marek"]
[Result "0-1"]
[ECO "B12"]
[WhiteElo "2238"]
[BlackElo "2272"]
[Annotator "ChessBase"]
[PlyCount "86"]
[EventDate "2022.03.10"]
[EventType "tourn"]
[EventCountry "CZE"]
[SourceTitle "playchess.com"]
[Source "ChessBase"]
[SourceQuality "1"]
[TimeControl "40/5400+30:1800+30"]

1. e4 c6 2. d4 d5 3. e5 Bf5 4. h4 h5 5. Bg5 Qb6 6. Bd3 Bxd3 7. Qxd3 e6 8. Nd2 c5 9. c4 Qxb2 10. Rd1 Nc6 11. cxd5 Qxd4 12. Qxd4 Nxd4 13. dxe6 Nxe6 14. Ne4 Be7 15. Nf3 Nh6 16. O-O Nf5 17. Rd5 b6 18. Nf6+ Bxf6 19. exf6 g6 20. Re1 O-O 21. Ne5 Rfd8 22. Rxd8+ Rxd8 23. Nxg6 Nxg5 24. Ne7+ Nxe7 25. fxe7 Nh3+ 26. gxh3 Re8 27. Re5 Kg7 28. Rxh5 Rxe7 29. Kf1 c4 30. Rb5 c3 31. Rb1 Kg6 32. Rc1 Rc7 33. Ke2 Kh5 34. f4 f5 35. Kd3 c2 36. Rxc2 Rxc2 37. Kxc2 Kxh4 38. Kc3 Kxh3 39. Kc4 Kg4 40. Kb5 Kxf4 41. Ka6 Ke5 42. Kxa7 b5 43. a4 bxa4 0-1